 Dungeon Crawl Stone Soup version 0.31-a0-854-g362426d53f (webtiles) character file.

Game seed: 3010216673015131707

82058 quinnr the Spry (level 15, -19/92 HPs)
             Began as a Tengu Venom Mage on Oct 4, 2023.
             Was a High Priest of Vehumet.
             Demolished by a broodmother (31 damage)
             ... on level 3 of the Lair of Beasts on Oct 8, 2023.
             The game lasted 01:13:36 (24368 turns).

quinnr the Spry (Tengu Venom Mage)                 Turns: 24368, Time: 01:13:37

Health: -19/92     AC:  2    Str: 16    XL:     15   Next: 72%
Magic:  8/36       EV: 25    Int: 23    God:    Vehumet [*****.]
Gold:   1473       SH:  5    Dex: 17    Spells: 7/29 levels left

rFire   . . .        a - staff of air {!a}
rCold   . . .        (no shield)
rNeg    + + +        M - +0 robe of Poor Excuses {Drain rElec rN+++ Regen+}
rPois   +            A - +0 mask of the Dragon {Will+ Slay+3 SInv}
rElec   +            R - scarf {+Inv}
rCorr   .            (no gloves)
SInv    +            (boots unavailable)
Will    +++..        n - amulet of the Crafting Traitor {Reflect +Inv Will+ Dex+2 SH+5}
Stlth   +++++        i - ring "Ikkuov" {MP+9 Str+6 Int+2}
HPRegen 1.15/turn    P - ring of poison resistance
MPRegen 0.25/turn

%: reflection, acrobat
@: lethally poisoned (-19 -> -20), flying
A: beak, talons 3, evasive flight, acrobatic
a: Renounce Religion, Evoke Invisibility


You were on level 3 of the Lair of Beasts.
You worshipped Vehumet.
Vehumet was extremely pleased with you.
You visited 4 branches of the dungeon, and saw 20 of its levels.
You also visited: Bailey, Gauntlet and Volcano.

You collected 1473 gold pieces.


Innate Abilities, Weirdness & Mutations

You have a beak for a mouth.
You have claws for feet.
Your magical flight helps you evade attacks. (EV +4)
You can magically evade attacks while moving or waiting.


   Skills:
 - Level 10.0 Fighting
 - Level 10.0 Short Blades
 + Level 15.2 Dodging
 - Level 10.0 Stealth
 + Level 7.7 Spellcasting
 - Level 3.0 Conjurations
 - Level 4.0 Summonings
 - Level 0.7 Transmutations
 - Level 14.0 Air Magic
 - Level 10.0 Poison Magic
 - Level 6.0 Evocations


You had 7 spell levels left.
You knew the following spells:

 Your Spells              Type           Power      Damage    Failure   Level
a - Airstrike             Air            41%        2d(6-22)  1%          4
l - Summon Lightning Spi  Summ/Air       66%        N/A       1%          4
m - Mephitic Cloud        Conj/Pois/Air  66%        N/A       1%          3
o - Olgreb's Toxic Radia  Pois           53%        N/A       1%          4
p - Poisonous Vapours     Pois/Air       100%       N/A       1%          2
X - Arcjolt               Conj/Air       32%        1d42      1%          5

Your spell library contained the following spells:

 Spells                   Type           Power      Damage    Failure   Level
 Freezing Cloud           Conj/Ice/Air   25%        6-21      5%          5
 Sting                    Tmut/Pois      100%       1d8       1%          1
 Summon Small Mammal      Summ           100%       N/A       1%          1
 Static Discharge         Conj/Air       100%       2-7/arc   1%          2
 Hailstorm                Conj/Ice       15%        3d5       3%          3
 Vhi's Electric Charge    Tloc/Air       100%       N/A       4%          4
 Inner Flame              Hex/Fire       8%         N/A       6%          3
 Volatile Blastmotes      Fire/Tloc      16%        2d11      6%          3
 Apportation              Tloc           16%        N/A       7%          1
 Necrotise                Necr           32%        1d5       7%          1
 Slow                     Hex            32%        N/A       7%          1
 Summon Guardian Golem    Hex/Summ       18%        N/A       10%         3
 Ensorcelled Hibernation  Hex/Ice        16%        N/A       11%         2
 Jinxbite                 Hex            16%        N/A       11%         2
 Lesser Beckoning         Tloc           16%        N/A       11%         2
 Fulminant Prism          Conj/Hex       7%         3d7       11%         4
 Iskenderun's Mystic Bla  Conj/Tloc      15%        2d5       11%         4
 Plasma Beam              Fire/Air       28%        2x1d41    16%         6
 Gell's Gravitas          Tloc           8%         N/A       22%         3
 Teleport Other           Tloc           8%         N/A       22%         3
 Tukima's Dance           Hex            8%         N/A       22%         3
 Vampiric Draining        Necr           8%         2d6       22%         3
 Summon Ice Beast         Ice/Summ       18%        N/A       30%         4
 Yara's Violent Unravell  Hex/Tmut       5%         3d4       38%         5
 Anguish                  Hex/Necr       4%         N/A       56%         4
 Leda's Liquefaction      Hex/Erth       4%         N/A       56%         4
 Passage of Golubria      Tloc           8%         N/A       56%         4
 Summon Mana Viper        Hex/Summ       18%        N/A       65%         5
 Agony                    Necr           8%         N/A       89%         5
 Spellforged Servitor     Conj/Summ      12%        N/A       96%         7
 Orb of Destruction       Conj           11%        9d6       98%         7
 Simulacrum               Ice/Necr       4%         N/A       100%        6
 Enfeeble                 Hex            4%         N/A       100%        7
 Monstrous Menagerie      Summ           13%        N/A       100%        7

Inventory:

Hand Weapons
 b - a +6 dagger of electrocution
Missiles
 B - 4 throwing nets {=f}
 Q - a curare-tipped dart {=f}
Armour
 w - a +1 robe of resistance
 A - the +0 mask of the Dragon (worn) {Will+ Slay+3 SInv}
   (You found it on level 6 of the Dungeon)

   Slay+3:    It affects your accuracy & damage with ranged weapons and melee
   (+3).
   Will+:     It increases your willpower.
   SInv:      It lets you see invisible.
 M - the +0 robe of Poor Excuses (worn) {Drain rElec rN+++ Regen+}
   (You found it in a Gauntlet)

   rElec:     It insulates you from electricity.
   rN+++:     It renders you almost immune to negative energy.
   Regen+:    It increases your rate of health regeneration.
   Drain:     It drains your maximum health when unequipped.
 R - a scarf of invisibility (worn)
Magical Staves
 a - a staff of air (weapon) {!a}
 g - a staff of fire {!a}
Jewellery
 i - the ring "Ikkuov" (left hand) {MP+9 Str+6 Int+2}
   (You found it in a Gauntlet)

   [ring of strength]

   Str+6:     It affects your strength (+6).
   Int+2:     It affects your intelligence (+2).
   MP+9:      It affects your magic capacity (+9).
 n - the amulet of the Crafting Traitor (around neck) {Reflect +Inv Will+ Dex+2 SH+5}
   (You found it in a Gauntlet)

   [amulet of reflection]

   Reflect:   It reflects blocked missile attacks.
   Dex+2:     It affects your dexterity (+2).
   Will+:     It increases your willpower.
   +Inv:      It lets you turn invisible.
   SH+5:      It affects your SH (+5).
 C - a ring of protection from cold
 F - a ring of protection from fire
 H - an amulet of magic regeneration
 P - a ring of poison resistance (right hand)
Wands
 r - a wand of quicksilver (7)
 y - a wand of iceblast (15)
 K - a wand of digging (10)
 S - a wand of paralysis (6)
 U - a wand of mindburst (5)
 V - a wand of polymorph (5)
 Y - a wand of flame (33)
Scrolls
 f - a scroll of immolation
 h - a scroll of revelation
 l - a scroll of summoning
 o - a scroll of blinking
 p - 8 scrolls of teleportation {@r2}
 q - a scroll of fear
 t - a scroll of enchant weapon
 W - 2 scrolls of poison
Potions
 c - 3 potions of heal wounds {@q2}
 d - 8 potions of curing {@q1}
 e - 2 potions of magic
 j - a potion of attraction
 k - 7 potions of mutation
 s - a potion of berserk rage {unknown}
 v - 3 potions of enlightenment
 E - 3 potions of haste {@q3}
 G - 4 potions of brilliance
 L - a potion of resistance
 N - 4 potions of might
 X - a potion of invisibility
 Z - a potion of cancellation
Miscellaneous
 m - a box of beasts (inert)
 T - a tin of tremorstones (2/2)

Dungeon Overview and Level Annotations

Branches:
Dungeon (13/15)            Temple (1/1) D:5            Lair (5/5) D:11
  Swamp (0/4) Lair:3       Spider (1/4) Lair:3        Slime (0/5) Lair:5
    Orc (0/2) D:10         Bailey (visited)         Volcano (visited)
Gauntlet (visited)
 Vaults: D:13-14

Altars:
Ashenzari
Cheibriados
Dithmenos
Elyvilon
Fedhas
Gozag
Hepliaklqana
Kikubaaqudgha
Makhleb
Nemelex Xobeh
Okawaru
Qazlal
Ru
Sif Muna
Trog
Uskayaw
Vehumet
Wu Jian
Xom
Yredelemnul
Zin
The Shining One

Annotations:
D:9 Maggie
Lair:1 1 runed translucent door, olmar's ghost, journeyman VSFi
Lair:2 exclusion: downstairs
Lair:4 2 transporters, Peulonen's ghost, journeyman TeDe

# ###.## ######### ### #### #####
#..#.###..#.##.###.###.P###
....###...s.................^P...
...#..........................P..
......##.........................
......###........................
...[...#.........................
................s................
..............8†@........####...#
..........................###....
#...............................#
.......................P.....#..#
.#######P...................#..##
.# ##....................#.## .##
#.............#.....#...# ..#
#.......................# .##
#...................P..##


You could see a broodmother (ally target), a wolf spider (fleeing) and a
friendly lightning spire (summoned).


Message History

Unknown command.
Unknown command.
Casting: Olgreb's Toxic Radiance (safe; 1% risk of failure)
Confirm with . or Enter, or press ? or * to list all spells.
Aiming: Airstrike (safe; 1% risk of failure)
Press: ? - help, Dir - move target, f - jumping spider
Aim: a jumping spider (almost dead, very poisoned, empty space bonus: 7/8)
You feel a surge of power!
The air twists around and strikes the jumping spider!
You kill the jumping spider!
Vehumet accepts your kill.
You feel your power returning.
You feel very sick.
Unknown command.
Casting: Airstrike (safe; 1% risk of failure)
Confirm with . or Enter, or press ? or * to list all spells.
Aiming: Airstrike (safe; 1% risk of failure)
Press: ? - help, Dir - move target, f - broodmother
Aim: a broodmother (lightly wounded, fleeing, poisoned, empty space bonus: 8/8)
You feel a surge of power!
The air twists around and strikes the broodmother!!
Your attack snaps the broodmother out of its fear.
The broodmother is moderately wounded.
You feel sick.
The wolf spider looks more healthy.
Unknown command.
Casting: Airstrike (safe; 1% risk of failure)
Confirm with . or Enter, or press ? or * to list all spells.
You feel a surge of power!
An electric hum fills the air.
You feel sick.
The broodmother looks more healthy.
The broodmother bites you!!
You die...

Skill      XL: |  1  2  3  4  5  6  7  8  9 10 11 12 13 14 15 |
---------------+----------------------------------------------+-----
Poison Magic   | 4 5 6 7 10 | 10.0
Short Blades   | 2 3 5 6 7 9 10 | 10.0
Stealth        | 4 5 7 10 | 10.0
Conjurations   | 1 3 |  3.0
Air Magic      | 1 3 12 14 | 14.0
Spellcasting   | 3 4 5 7 |  7.7
Dodging        | 4 6 8 9 12 14 15 | 15.2
Fighting       | 4 5 6 8 10 | 10.0
Summonings     | 4 |  4.0
Evocations     | 2 4 6 |  6.0
Transmutations | |  0.7

Action                     |  1- 3 |  4- 6 |  7- 9 | 10-12 | 13-15 || total
---------------------------+-------+-------+-------+-------+-------++-------
  Melee: Kick              |     4 |     6 |    42 |    46 |    93 ||   191
         Unarmed           |     1 |       |       |       |       ||     1
         Dagger            |    10 |    17 |   140 |   174 |   199 ||   540
         Peck              |     1 |     2 |    20 |    37 |    50 ||   110
         Punch             |       |       |     4 |       |     2 ||     6
         Staff             |       |       |       |       |    20 ||    20
   Cast: Sting             |    57 |     5 |    11 |       |       ||    73
         Poisonous Vapours |    11 |    15 |   119 |    78 |   209 ||   432
         Mephitic Cloud    |       |       |    27 |    11 |    38 ||    76
         Olgreb's Toxic Ra |       |       |     6 |    27 |    37 ||    70
         Summon Lightning  |       |       |       |    38 |   113 ||   151
         Airstrike         |       |       |       |       |    82 ||    82
         Arcjolt           |       |       |       |       |    30 ||    30
  Evoke: Wand              |       |       |       |     3 |    16 ||    19
         Box of beasts     |       |       |       |       |     1 ||     1
    Use: Potion            |       |     5 |       |     2 |     5 ||    12
         Scroll            |       |     2 |     8 |    10 |     9 ||    29
   Stab: Sleeping          |       |     1 |     4 |       |       ||     5
         Confused          |       |       |    10 |     1 |     6 ||    17
         Distracted        |       |       |       |     1 |     4 ||     5
         Invisible         |       |       |       |       |     2 ||     2
 Armour: Robe              |    10 |     7 |    32 |    59 |   155 ||   263
  Dodge: Dodged            |    25 |     9 |    86 |   190 |   342 ||   652
  Block: Other             |       |       |       |       |    21 ||    21
         Reflection        |       |       |       |       |     2 ||     2

Levels and vault maps discovered:
D:1:      dpeg_arrival_arbitrary_c, layout_basic, serial_rivers,
          chequers_serial_rivers_marsh, chequers_serial_rivers_marsh,
          chequers_serial_rivers_micro_d, chequers_serial_rivers_micro_b,
          chequers_serial_rivers_room_a, chequers_serial_rivers_micro_b,
          minmay_misc_feat_plants, minmay_3d_cube
D:2:      layout_loops_cross, shapermc_ecumenical_altar_totnotflames,
          minmay_shallow_snake_nest
D:3:      layout_basic, mainiacjoe_overflow_paths, minivault_23, uniq_grinder,
          uniq_sigmund
D:4:      layout_rooms, lemuel_crystal_altar, uniq_blork_the_orc, uniq_duvessa
D:5:      layout_loops_corners, minmay_temple_entry_glass,
          uniq_crazy_yiuf_cottage, uniq_edmund
D:6:      layout_loops_cross, led_sif_book, minmay_diced_spiral
D:7:      layout_gridville
D:8:      layout_cave_pools, uniq_jeremiah
D:9:      minmay_gate_of_8, layout_loops_ring, uniq_pikel, uniq_maggie
D:10:     layout_irregular_city, mainiacjoe_overflow_big_doors, enter_bailey_6
D:11:     layout_basic, due_lair_maze_entry_diamond, biasface_ghost_orc_armoury
D:12:     layout_basic, kennysheep_dice
D:13:     layout_small_grid, gauntlet_entry_generic,
          nicolae_dithmenos_the_darkroom
Temple:   bh_familiar_temple
Lair:1:   layout_cave_pods, ebering_ghost_inner_flame, disabler_island,
          lemuel_fruit_fields
Lair:2:   layout_cave_pods, infiniplex_staircase_pool, lemuel_fruit_fields,
          grunt_megastairs_2
Lair:3:   layout_gridlike, alex1729_swamp_entry_worm_eleionoma,
          dummy_spider_entry, uniq_urug
Lair:4:   hellmonk_ruined_rings, layout_hall_layers, gammafunk_ghost_arena,
          infiniplex_staircase_pool_2, uniq_snorg
Lair:5:   grunt_lair_end_beastmaster, layout_gridlike, slime_entry_1,
          lightli_volcano_entry_magma_tube, pdpol_lair_neglected_garden
Spider:1: layout_chambers, gammafunk_ghost_arena,
          nicolae_spider_altar_of_dancing

Notes
Turn   | Place    | Note
-------+----------+-------------------------------------------
     0 | D:1      | quinnr the Tengu Venom Mage began the quest for the Orb.
     0 | D:1      | Reached XP level 1. HP: 10/10 MP: 4/4
   244 | D:1      | Reached XP level 2. HP: 15/15 MP: 4/6
   470 | D:1      | Learned a level 2 spell: Poisonous Vapours
   712 | D:1      | Reached skill level 4 in Poison Magic
   822 | D:1      | Reached XP level 3. HP: 19/19 MP: 3/7
  2014 | D:3      | Reached XP level 4. HP: 24/24 MP: 4/8
  2216 | D:3      | Reached skill level 5 in Poison Magic
  2273 | D:3      | Noticed Grinder
  2276 | D:3      | Paralysed by Grinder for 2 turns
  2289 | D:3      | Paralysed by Grinder for 3 turns
  2292 | D:3      | Identified a potion of resistance
  2304 | D:3      | Killed Grinder
  2305 | D:3      | Reached skill level 2 in Short Blades
  2305 | D:3      | Reached skill level 4 in Stealth
  2305 | D:3      | Reached XP level 5. HP: 19/28 MP: 7/9
  2305 | D:3      | Reached XP level 6. HP: 22/32 MP: 7/10
  2506 | D:3      | Reached skill level 5 in Stealth
  2510 | D:3      | Learned a level 3 spell: Mephitic Cloud
  2630 | D:3      | Noticed Sigmund
  2687 | D:3      | Killed Sigmund
  2688 | D:3      | Reached skill level 1 in Conjurations
  2688 | D:3      | Reached skill level 1 in Air Magic
  2688 | D:3      | Gained mutation: Your magical flight helps you evade
                  | attacks. (EV +4) [Tengu growth]
  2688 | D:3      | Reached XP level 7. HP: 28/36 MP: 1/11
  3031 | D:3      | Found a blossoming altar of Fedhas.
  3276 | D:3      | Reached skill level 2 in Conjurations
  3276 | D:3      | Reached skill level 2 in Air Magic
  3739 | D:4      | Found an opulent altar of Gozag.
  3745 | D:4      | Reached skill level 3 in Spellcasting
  3745 | D:4      | Reached skill level 3 in Conjurations
  3745 | D:4      | Reached skill level 3 in Air Magic
  3897 | D:4      | Noticed Dowan
  3919 | D:4      | Killed Dowan
  4072 | D:4      | Learned a level 4 spell: Olgreb's Toxic Radiance
  4132 | D:4      | Noticed Duvessa
  4148 | D:4      | Killed Duvessa
  4149 | D:4      | Reached skill level 6 in Poison Magic
  4149 | D:4      | Reached XP level 8. HP: 28/41 MP: 5/14
  4385 | D:4      | Reached skill level 3 in Dodging
  4724 | D:4      | Noticed Blork the orc
  4732 | D:4      | Killed Blork the orc
  4733 | D:4      | Reached skill level 6 in Stealth
  4733 | D:4      | Reached skill level 4 in Spellcasting
  4931 | D:5      | Entered Level 5 of the Dungeon
  4950 | D:5      | Found a staircase to the Ecumenical Temple.
  4964 | Temple   | Entered the Ecumenical Temple
  4992 | Temple   | Became a worshipper of Vehumet
  5039 | D:5      | Identified the +9 short sword of Defiance {protect, Int+3}
  5452 | D:5      | Reached skill level 4 in Dodging
  5533 | D:5      | Noticed Edmund
  5545 | D:5      | Killed Edmund
  5546 | D:5      | Reached skill level 3 in Short Blades
  5727 | D:5      | Found a runed translucent door.
  5728 | D:5      | Noticed Crazy Yiuf
  5904 | D:6      | Identified a +0 robe of resistance
  6027 | D:5      | Reached skill level 7 in Stealth
  6027 | D:5      | Reached XP level 9. HP: 45/45 MP: 9/16
  6261 | D:5      | Reached skill level 5 in Dodging
  6262 | D:5      | Reached skill level 4 in Short Blades
  6266 | D:5      | Reached skill level 1 in Fighting
  6526 | D:5      | Reached skill level 2 in Fighting
  6701 | D:6      | Reached skill level 5 in Short Blades
  6814 | D:5      | Killed Crazy Yiuf
  6815 | D:5      | Reached skill level 3 in Fighting
  6928 | D:5      | Identified the +2 hammer of Spring {freeze, rN++ Int-2}
  7259 | D:6      | Reached skill level 4 in Fighting
  7461 | D:6      | Identified the +8 mace "Qag Obump" {heavy, Str+3 SInv}
  7468 | D:6      | Reached * piety under Vehumet
  7468 | D:6      | Offered knowledge of Shock by Vehumet.
  7759 | D:6      | Reached skill level 6 in Dodging
  7848 | D:6      | Identified the +3 leather armour of Vysuesm {Harm Dex+2}
  8111 | D:6      | Found the +0 mask of the Dragon {Will+ Slay+3 SInv}
  8163 | D:6      | Found a shimmering blue altar of Sif Muna.
  8176 | D:6      | Reached skill level 7 in Poison Magic
  8705 | D:7      | Offered knowledge of Kiss of Death by Vehumet.
  8710 | D:7      | Reached XP level 10. HP: 56/56 MP: 5/17
  8716 | D:7      | Reached ** piety under Vehumet
  8717 | D:7      | Reached skill level 7 in Dodging
  8991 | D:7      | Reached skill level 8 in Poison Magic
  9423 | D:8      | Noticed Jeremiah
  9503 | D:8      | Killed Jeremiah
  9504 | D:8      | Reached skill level 8 in Dodging
  9765 | D:8      | Noticed a kobold demonologist
  9774 | D:8      | Killed a kobold demonologist
  9775 | D:8      | Reached skill level 9 in Poison Magic
 10382 | D:9      | Noticed Maggie
 10382 | D:9      | Noticed a manticore
 10386 | D:9      | Offered knowledge of Stone Arrow by Vehumet.
 10388 | D:9      | Killed a manticore
 10389 | D:9      | Reached skill level 10 in Poison Magic
 10584 | D:10     | Entered Level 10 of the Dungeon
 10584 | D:10     | Noticed a two-headed ogre
 10593 | D:10     | Killed a two-headed ogre
 10594 | D:10     | Reached skill level 5 in Fighting
 10594 | D:10     | Reached skill level 5 in Spellcasting
 10615 | D:10     | Learned a level 4 spell: Summon Lightning Spire
 10649 | D:10     | Found a shimmering altar of Xom.
 10669 | D:10     | Reached XP level 11. HP: 64/64 MP: 16/19
 10671 | D:10     | Reached skill level 1 in Summonings
 10674 | D:10     | Reached skill level 2 in Summonings
 10674 | D:10     | Reached skill level 4 in Air Magic
 10712 | D:10     | Found a staircase to the Orcish Mines.
 10726 | D:10     | Found a flagged portal.
 10736 | Bailey   | Entered a bailey
 10810 | Bailey   | Reached *** piety under Vehumet
 11001 | Bailey   | Reached skill level 6 in Fighting
 11028 | Bailey   | Offered knowledge of Brom's Barrelling Boulder by Vehumet.
 11032 | Bailey   | Reached skill level 3 in Summonings
 11088 | Bailey   | Identified the +3 scale mail "Tuoh" {rElec rPois Int-4
                  | Dex+4}
 11259 | Bailey   | Reached skill level 5 in Air Magic
 11542 | D:10     | Reached **** piety under Vehumet
 11726 | D:10     | Offered knowledge of Fulminant Prism by Vehumet.
 11931 | D:10     | Reached skill level 1 in Evocations
 12061 | D:10     | Found a shadowy altar of Dithmenos.
 12183 | D:11     | Reached skill level 4 in Summonings
 12282 | D:11     | Reached skill level 2 in Evocations
 12303 | D:11     | Found a staircase to the Lair.
 12340 | D:11     | Reached skill level 6 in Air Magic
 12350 | D:11     | Reached skill level 6 in Short Blades
 12424 | D:11     | Identified a potion of experience
 12425 | D:11     | Reached skill level 12 in Air Magic
 12425 | D:11     | Reached XP level 12. HP: 70/70 MP: 20/20
 12583 | D:11     | Noticed gribnar's ghost (novice OpSh)
 12585 | D:11     | Found a runed translucent gate.
 12586 | D:11     | Found a runed translucent gate.
 12587 | D:11     | Found a runed translucent gate.
 12649 | D:11     | Noticed a boulder beetle
 12665 | D:11     | Killed a boulder beetle
 12722 | D:11     | Reached skill level 3 in Evocations
 13073 | D:11     | Killed gribnar's ghost
 13361 | D:12     | Reached skill level 7 in Short Blades
 13361 | D:12     | Reached skill level 4 in Evocations
 13436 | D:12     | Reached skill level 9 in Dodging
 13675 | D:12     | Reached XP level 13. HP: 74/74 MP: 21/21
 13897 | D:12     | Reached skill level 8 in Short Blades
 14350 | D:12     | Reached skill level 10 in Dodging
 14471 | D:12     | Reached skill level 9 in Short Blades
 14819 | D:13     | Found a shadowy altar of Dithmenos.
 14829 | D:13     | HP: 2/74 [centaur/arrow[a centaur warrior] (12)]
 15259 | D:13     | Reached skill level 7 in Fighting
 15282 | D:13     | Found a gate leading to a gauntlet.
 15299 | Gauntlet | Entered a Gauntlet
 15299 | Gauntlet | Found a transporter.
 15299 | Gauntlet | Found a transporter.
 15311 | Gauntlet | Found a transporter.
 15328 | Gauntlet | Found a transporter.
 15328 | Gauntlet | Found a transporter.
 15328 | Gauntlet | Found a transporter.
 15330 | Gauntlet | Found a transporter.
 15330 | Gauntlet | Found a transporter.
 15336 | Gauntlet | Found a runed translucent door.
 15340 | Gauntlet | Found a runed translucent door.
 15342 | Gauntlet | Found a transporter.
 15357 | Gauntlet | Found a transporter.
 15361 | Gauntlet | Found a runed translucent door.
 15368 | Gauntlet | Found a transporter.
 15387 | Gauntlet | Found a transporter.
 15406 | Gauntlet | Found a transporter.
 15421 | Gauntlet | Found a transporter.
 15438 | Gauntlet | Learned a level 4 spell: Airstrike
 15444 | Gauntlet | Learned a level 5 spell: Arcjolt
 15459 | Gauntlet | Identified the ring "Ikkuov" {MP+9 Str+6 Int+2}
 15499 | Gauntlet | Reached ***** piety under Vehumet
 15500 | Gauntlet | Offered knowledge of Eringya's Noxious Bog by Vehumet.
 15592 | Gauntlet | Reached skill level 11 in Dodging
 15649 | Gauntlet | Identified the amulet of the Crafting Traitor {Reflect +Inv
                  | Will+ Dex+2 SH+5}
 15678 | Gauntlet | Identified the +0 kite shield of Jucereury {rElec rF+ rC+}
 15678 | Gauntlet | Noticed a minotaur
 15689 | Gauntlet | Killed a minotaur
 15700 | Gauntlet | Identified the +0 robe of Poor Excuses {Drain rElec rN+++
                  | Regen+}
 15701 | Gauntlet | Got a levitating book
 16320 | D:13     | Reached skill level 8 in Fighting
 16535 | D:11     | Upgraded the game from 0.31-a0-848-gaac375c287 to
                  | 0.31-a0-854-g362426d53f
 16540 | Lair:1   | Entered Level 1 of the Lair of Beasts
 16685 | Lair:1   | Found a runed translucent door.
 16686 | Lair:1   | Noticed olmar's ghost (journeyman VSFi)
 17924 | Lair:2   | Reached skill level 12 in Dodging
 18054 | Lair:2   | Reached XP level 14. HP: 84/84 MP: 22/22
 18482 | Lair:2   | Reached skill level 9 in Fighting
 18482 | Lair:2   | Reached skill level 5 in Evocations
 19365 | Lair:3   | Noticed an eleionoma
 19568 | Lair:3   | Found a hole to the Spider Nest.
 19790 | Lair:3   | Noticed Urug
 19800 | Lair:3   | Killed Urug
 19996 | Lair:3   | Offered knowledge of Lee's Rapid Deconstruction by Vehumet.
 20141 | Lair:3   | Killed an eleionoma
 20235 | Lair:3   | Found a staircase to the Swamp.
 20336 | Lair:3   | Reached skill level 8 in Stealth
 20643 | Lair:4   | Reached skill level 10 in Short Blades
 21127 | Lair:4   | Reached skill level 6 in Evocations
 21428 | Lair:4   | Found a transporter.
 21430 | Lair:4   | Noticed Peulonen's ghost (journeyman TeDe)
 21451 | Lair:4   | Found a transporter.
 21984 | Lair:4   | Noticed Snorg
 21993 | Lair:4   | Killed Snorg
 21994 | Lair:4   | Reached skill level 13 in Dodging
 22053 | Lair:4   | Reached skill level 10 in Fighting
 22099 | Lair:4   | Reached skill level 9 in Stealth
 22352 | Lair:5   | Entered Level 5 of the Lair of Beasts
 22424 | Lair:5   | Found a dark tunnel.
 22441 | Volcano  | Entered a volcano
 22690 | Volcano  | Reached skill level 10 in Stealth
 22778 | Volcano  | Reached skill level 14 in Dodging
 22778 | Volcano  | Reached XP level 15. HP: 92/92 MP: 23/23
 23009 | Lair:5   | Found a staircase to the Slime Pits.
 23110 | Lair:5   | Reached skill level 13 in Air Magic
 23208 | Lair:5   | Reached skill level 6 in Spellcasting
 23431 | Lair:5   | Offered knowledge of Freezing Cloud by Vehumet.
 23647 | Lair:5   | Reached skill level 14 in Air Magic
 23681 | Lair:5   | Reached skill level 7 in Spellcasting
 23738 | Lair:5   | Identified the +6 shortbow "Guub" {heavy, Str+5 Stlth+}
 23821 | Lair:5   | Reached skill level 15 in Dodging
 24351 | Spider:1 | Entered Level 1 of the Spider Nest
 24368 | Lair:3   | Demolished by a broodmother

Vanquished Creatures
  A dire elephant (Lair:5)
  A minotaur (Gauntlet)
  A centaur warrior (D:13)
  2 hydras
  2 catoblepae (Lair:5)
  3 boulder beetles
  A dancing weapon (Volcano)
  A two-headed ogre (D:10)
  A deep troll shaman (Lair:5)
  19 death yaks
  Urug (Lair:3)
  A skyshark (Lair:5)
  2 lindwurms
  2 wizards (Volcano)
  A wolf spider (D:13)
  2 deep elf pyromancers (D:12)
  2 cyclopes (D:13)
  An ugly thing (D:13)
  A manticore (D:9)
  A worldbinder (Gauntlet)
  5 elephants
  4 toenail golems (Volcano)
  A torpor snail (Lair:2)
  10 cane toads
  2 unseen horrors (D:12)
  A gargoyle (Bailey)
  Jeremiah (D:8)
  6 komodo dragons
  A rime drake (Lair:1)
  2 kobold demonologists
  4 polar bears
  Grinder (D:3)
  3 trolls (D:12)
  A tyrant leech (Gauntlet)
  5 hornets
  5 blink frogs
  2 dream sheep (Lair:5)
  3 jumping spiders
  Sigmund (D:3)
  2 vampires
  A wyvern (Lair:1)
  3 steam dragons
  2 basilisks
  4 redbacks (Spider:1)
  6 vampire mosquitoes
  35 yaks
  3 swamp worms (Gauntlet)
  A swamp worm (shapeshifter) (D:13)
  Edmund (D:5)
  An acid dragon (D:13)
  13 water moccasins
  An orc warrior (D:9)
  Duvessa (D:4)
  2 ice beasts
  2 sky beasts
  5 black bears
  5 centaurs
  21 wolves
  2 ogres
  2 boggarts (Gauntlet)
  2 phantoms (D:5)
  3 kobold brigands
  A nameless horror (D:11)
  Blork the orc (D:4)
  9 bullfrogs
  4 gnoll sergeants
  7 wights
  7 scorpions
  Dowan (D:4)
  3 electric eels
  5 vampire bats (Bailey)
  6 wolf zombies (Bailey)
  3 howler monkeys
  4 hounds
  5 orc priests
  A gnoll bouda (D:7)
  Crazy Yiuf (D:5)
  2 iguanas
  11 orc wizards
  21 gnolls
  10 adders
  A white imp (D:7)
  2 ufetubi
  A worm (D:3)
  2 dart slugs
  27 orcs
  8 ball pythons
  5 bats
  12 endoplasms
  2 giant cockroaches (D:1)
  8 goblins
  4 hobgoblins
  7 jackals
  15 kobolds
  A quokka (D:5)
  11 orc zombies (Bailey)
  3 rats
  A butterfly (Lair:2)
434 creatures vanquished.

Vanquished Creatures (collateral kills)
  An eleionoma (Lair:3)
  Snorg (Lair:4)
  A centaur warrior (D:13)
  5 death yaks
  A boulder beetle (Lair:1)
  3 wizards (Volcano)
  The ghost of gribnar the Martial Artist, a novice OpSh of Hepliaklqana (D:11)
  A deep elf pyromancer (D:13)
  A cyclops (D:13)
  4 elephants
  2 manticores
  A toenail golem (Volcano)
  2 cane toads
  A rime drake (Lair:1)
  3 komodo dragons
  3 dream sheep (Lair:5)
  2 blink frogs
  2 wraiths
  10 yaks
  A basilisk (Lair:5)
  8 vampire mosquitoes
  An acid dragon (D:10)
  7 water moccasins
  A black bear (D:11)
  3 orc warriors (D:11)
  7 wolves
  A boggart (Gauntlet)
  A kobold brigand (D:13)
  3 bullfrogs
  A gnoll sergeant (D:11)
  3 vampire bats (Bailey)
  A howler monkey (D:12)
  2 wolf zombies (Bailey)
  An orc priest (D:11)
  2 gnolls (D:11)
  4 orcs (D:11)
  6 orc zombies (Bailey)
98 creatures vanquished.

Grand Total: 532 creatures vanquished

Table legend: (Time is in decaauts)
 A = Elapsed time spent in this place.
 B = Non-inter-level travel time spent in this place.
 C = Inter-level travel time spent in this place.
 D = Time resting spent in this place.
 E = Time spent auto-exploring this place.
 F = Levels seen in this place.
 G = Mean time per level.
                   A        B        C        D        E       F      G
               +--------+--------+--------+--------+--------+-----+--------+
         Total |  24211 |  23083 |   1128 |   2625 |  15395 |  23 | 1052.7 |
       Dungeon |  15228 |  14459 |    769 |   1765 |   9749 |  13 | 1171.4 |
        Temple |     55 |      9 |     46 |      0 |      0 |   1 |   55.0 |
          Lair |   7238 |   6926 |    312 |    537 |   5176 |   5 | 1447.6 |
   Spider Nest |     12 |     12 |      0 |      0 |      0 |   1 |   12.0 |
        Bailey |    758 |    758 |      0 |    233 |    264 |   1 |  758.0 |
       Volcano |    492 |    492 |      0 |     90 |    109 |   1 |  492.0 |
      Gauntlet |    425 |    425 |      0 |      0 |     97 |   1 |  425.0 |
               +--------+--------+--------+--------+--------+-----+--------+

Top non-repeatable levels by time:
     D:5: 2190 daAuts
    D:12: 1842 daAuts
     D:3: 1836 daAuts
  Lair:4: 1667 daAuts
  Lair:3: 1575 daAuts
  Lair:5: 1360 daAuts
  Lair:1: 1335 daAuts
     D:6: 1314 daAuts
  Lair:2: 1299 daAuts
     D:1: 1139 daAuts
     D:7: 1067 daAuts
     D:4: 1063 daAuts
    D:11: 1038 daAuts
    D:13: 992 daAuts
     D:2: 874 daAuts

Table legend:
 A = Non-vault XP
 B = Vault XP
 C = Vault XP percentage of total XP
 D = Non-vault monster count
 E = Vault monster count
 F = Vault count percentage of total count
                 A         B        C        D         E       F
            +---------+---------+-------+---------+---------+-------
      Total |   76135 |   29531 |  27.9 |     406 |     124 |  23.4
            +---------+---------+-------+---------+---------+-------
        D:1 |      29 |       6 |  17.1 |      16 |       3 |  15.8
        D:2 |      44 |       0 |   0.0 |      13 |       0 |   0.0
        D:3 |     190 |     517 |  73.1 |      15 |       2 |  11.8
        D:4 |     519 |     312 |  37.5 |      27 |       3 |  10.0
        D:5 |     828 |     408 |  33.0 |      21 |       4 |  16.0
        D:6 |     995 |     361 |  26.6 |      22 |       6 |  21.4
        D:7 |    1607 |       0 |   0.0 |      27 |       0 |   0.0
        D:8 |    1219 |     370 |  23.3 |      19 |       1 |   5.0
        D:9 |     963 |       0 |   0.0 |      12 |       0 |   0.0
       D:10 |    2593 |     214 |   7.6 |      18 |       1 |   5.3
       D:11 |    2041 |    2156 |  51.4 |      10 |      19 |  65.5
       D:12 |    6728 |     917 |  12.0 |      26 |       2 |   7.1
       D:13 |    6811 |       0 |   0.0 |      20 |       0 |   0.0
     Lair:1 |    5266 |     299 |   5.4 |      25 |       3 |  10.7
     Lair:2 |    5290 |     788 |  13.0 |      22 |       2 |   8.3
     Lair:3 |    5223 |    1855 |  26.2 |      21 |       2 |   8.7
     Lair:4 |   13669 |     956 |   6.5 |      37 |       1 |   2.6
     Lair:5 |   20919 |    9173 |  30.5 |      49 |      18 |  26.9
   Spider:1 |    1201 |       0 |   0.0 |       6 |       0 |   0.0
     Bailey |       0 |    1557 | 100.0 |       0 |      35 | 100.0
    Volcano |       0 |    6482 | 100.0 |       0 |      11 | 100.0
   Gauntlet |       0 |    3160 | 100.0 |       0 |      11 | 100.0
            +---------+---------+-------+---------+---------+-------

Levels and vault maps discovered:
D:1:      dpeg_arrival_arbitrary_c, layout_basic, serial_rivers,
          chequers_serial_rivers_marsh, chequers_serial_rivers_marsh,
          chequers_serial_rivers_micro_d, chequers_serial_rivers_micro_b,
          chequers_serial_rivers_room_a, chequers_serial_rivers_micro_b,
          minmay_misc_feat_plants, minmay_3d_cube
D:2:      layout_loops_cross, shapermc_ecumenical_altar_totnotflames,
          minmay_shallow_snake_nest
D:3:      layout_basic, mainiacjoe_overflow_paths, minivault_23, uniq_grinder,
          uniq_sigmund
D:4:      layout_rooms, lemuel_crystal_altar, uniq_blork_the_orc, uniq_duvessa
D:5:      layout_loops_corners, minmay_temple_entry_glass,
          uniq_crazy_yiuf_cottage, uniq_edmund
D:6:      layout_loops_cross, led_sif_book, minmay_diced_spiral
D:7:      layout_gridville
D:8:      layout_cave_pools, uniq_jeremiah
D:9:      minmay_gate_of_8, layout_loops_ring, uniq_pikel, uniq_maggie
D:10:     layout_irregular_city, mainiacjoe_overflow_big_doors, enter_bailey_6
D:11:     layout_basic, due_lair_maze_entry_diamond, biasface_ghost_orc_armoury
D:12:     layout_basic, kennysheep_dice
D:13:     layout_small_grid, gauntlet_entry_generic,
          nicolae_dithmenos_the_darkroom
Temple:   bh_familiar_temple
Lair:1:   layout_cave_pods, ebering_ghost_inner_flame, disabler_island,
          lemuel_fruit_fields
Lair:2:   layout_cave_pods, infiniplex_staircase_pool, lemuel_fruit_fields,
          grunt_megastairs_2
Lair:3:   layout_gridlike, alex1729_swamp_entry_worm_eleionoma,
          dummy_spider_entry, uniq_urug
Lair:4:   hellmonk_ruined_rings, layout_hall_layers, gammafunk_ghost_arena,
          infiniplex_staircase_pool_2, uniq_snorg
Lair:5:   grunt_lair_end_beastmaster, layout_gridlike, slime_entry_1,
          lightli_volcano_entry_magma_tube, pdpol_lair_neglected_garden
Spider:1: layout_chambers, gammafunk_ghost_arena,
          nicolae_spider_altar_of_dancing
